 Dungeon Crawl Stone Soup version 0.31.0-32-g396128a36d (webtiles) character file.

Game seed: 11589071318581892433

3346 concernfroge the Cleaver (level 10, 0/77 HPs)
             Began as a Gnoll Reaver on Apr 19, 2024.
             Slain by a shadow (6 damage)
             ... on level 6 of the Dungeon.
             The game lasted 00:36:05 (7255 turns).

concernfroge the Cleaver (Gnoll Reaver)             Turns: 7255, Time: 00:36:05

Health: 0/77       AC:  4    Str: 14    XL:     10   Next: 2%
Magic:  11/20      EV: 12    Int: 17    God:
Gold:   153        SH:  0    Dex: 10    Spells: 4/23 levels left

rFire   . . .        a - +3 scythe (flame)
rCold   + . .        (shield currently unavailable)
rNeg    . . .        f - +0 ring mail
rPois   +            h - +0 helmet
rElec   .            y - scarf {repulsion}
rCorr   .            u - +0 pair of gloves
SInv    .            (no boots)
Will    +....        r - amulet of magic regeneration
Stlth   ++           w - ring "Ineumie" {AC+4 Int+2}
HPRegen 0.32/turn    c - ring of Day {rPois rC+}
MPRegen 0.57/turn

%: repel missiles
@: weakened, corroded, enlightened, flying, very slightly contaminated
A: fangs 1, strong nose, distributed training
a: no special abilities


You were on level 6 of the Dungeon.
You visited 1 branch of the dungeon, and saw 6 of its levels.

You collected 273 gold pieces.
You spent 120 gold pieces at shops.

Inventory:

Hand Weapons
 a - a +3 scythe of flaming (weapon)
 b - a +1 trident
Missiles
 p - a throwing net
Armour
 f - a +0 ring mail (worn)
 h - a +0 helmet (worn)
 u - a +0 pair of gloves (worn)
 y - a scarf of repulsion (worn)
Jewellery
 c - the ring of Day (right hand) {rPois rC+}
   (You acquired it on level 4 of the Dungeon)

   [ring of protection from cold]

   rC+:       It protects you from cold.
   rPois:     It protects you from poison
 d - a ring of resist corrosion
 j - an amulet of the acrobat
 l - a ring of positive energy
 r - an amulet of magic regeneration (around neck)
 w - the ring "Ineumie" (left hand) {AC+4 Int+2}
   (You found it on level 5 of the Dungeon)

   [ring of protection]

   AC+4:      It affects your AC (+4).
   Int+2:     It affects your intelligence (+2).
Wands
 x - a wand of digging (6)
Scrolls
 e - a scroll of poison
 g - a scroll of vulnerability
 i - 2 scrolls of teleportation
 k - a scroll of blinking
 m - 2 scrolls of amnesia
 n - a scroll of fog
 q - 2 scrolls of noise
 v - a scroll of summoning


   Skills:
 + Level 6.8 Fighting
 + Level 5.0 Short Blades
 + Level 5.0 Long Blades
 + Level 8.3 Axes
 + Level 5.0 Maces & Flails
 + Level 5.0 Polearms
 + Level 5.0 Staves
 + Level 5.0 Ranged Weapons
 + Level 5.0 Throwing
 + Level 5.0 Armour
 + Level 6.8 Dodging
 + Level 5.0 Stealth
 + Level 5.0 Shields
 + Level 5.0 Unarmed Combat
 + Level 7.1 Spellcasting
 + Level 6.9 Conjurations
 + Level 4.1 Hexes
 + Level 4.1 Summonings
 + Level 4.1 Necromancy
 + Level 4.1 Translocations
 + Level 4.1 Fire Magic
 + Level 4.1 Ice Magic
 + Level 4.1 Air Magic
 + Level 4.1 Earth Magic
 + Level 4.1 Alchemy
 + Level 5.5 Invocations
 + Level 5.0 Evocations
 + Level 4.5 Shapeshifting


You had 4 spell levels left.
You knew the following spells:

 Your Spells              Type           Power      Damage    Failure   Level
a - Kiss of Death         Conj/Necr      100%       2d13      2%          1
b - Hailstorm             Conj/Ice       25%        3d7       7%          3
c - Ozocubu's Armour      Ice            20%        N/A       12%         3
d - Volatile Blastmotes   Fire/Tloc      40%        2d13      12%         3
e - Fugue of the Fallen   Necr           20%        N/A       12%         3
f - Stone Arrow           Conj/Erth      50%        3d10      7%          3
g - Vampiric Draining     Necr           20%        2d7       12%         3

Your spell library contained the following spells:

 Spells                   Type           Power      Damage    Failure   Level
 Momentum Strike          Conj/Tloc      50%        3d9       3%          2
 Necrotise                Necr           80%        1d8       4%          1
 Sandblast                Erth           40%        2d10      4%          1
 Dazzling Flash           Conj/Hex       50%        N/A       7%          3
 Passwall                 Erth           20%        N/A       12%         3
 Brom's Barrelling Bould  Conj/Erth      25%        2d5       22%         4
 Manifold Assault         Tloc           20%        N/A       36%         4
 Martyr's Knell           Necr/Summ      20%        N/A       36%         4
 Curse of Agony           Necr           20%        N/A       73%         5
 Starburst                Conj/Fire      12%        6d5       98%         6
 Maxwell's Capacitive Co  Air            10%        ∞         100%        8


Dungeon Overview and Level Annotations

Branches:
Dungeon (6/15)
 Temple: D:4-7

Altars:
Kikubaaqudgha
Vehumet
The Shining One

Shops:
D:4 ([[:?

Annotations:
D:4 exclusion: statue


Innate Abilities, Weirdness & Mutations

You have very sharp teeth.
Your uncanny sense of smell can sniff out nearby items.
Your experience applies equally to all skills.


Message History

Reactivating autopickup.
You closely miss the shadow.
The shadow is heavily damaged.
The shadow hits you. x2
* * * LOW HITPOINT WARNING * * *
Casting: Stone Arrow (dangerous; 7% risk of failure)
Confirm with . or Enter, or press ? or * to list all spells.
A film of ice covers your body!
The shadow slips into darkness.
The shadow flickers and vanishes!
Deactivating autopickup; reactivate with Ctrl-A.
It was a potion of enlightenment.
You feel very buoyant.
You fly up into the air.
The shadow strikes at you from the darkness!
* * * LOW HITPOINT WARNING * * *
Reactivating autopickup.
It was a potion of curing.
You feel better.
The shadow slips into darkness.
The shadow flickers and vanishes!
Deactivating autopickup; reactivate with Ctrl-A.
The gnoll bouda gazes fiercely through you!
You feel your attacks grow feeble.
Blink to where?
Press: ? - help, Dir - move target
Okay, then.
Okay, then.
Casting: Ozocubu's Armour (dangerous; 12% risk of failure)
Confirm with . or Enter, or press ? or * to list all spells.
Okay, then.
Okay, then.
Okay, then.
Okay, then.
Your icy armour cracks and falls away as you move.
Found 13 gold pieces.
The shadow strikes at you from the darkness!
* * * LOW HITPOINT WARNING * * *
Reactivating autopickup.
The shadow hits you.
You die...

........## ##.##.
##########.###.....
##.~....~..#.#.#.###
##...~..~...##.##.#
#.≈..≈..~..~.#.##.#
#..~..≈~..≈..##...#
...########...##### .
##.8..8.##..## ##
##.@......##~.#####.
##.W######.$##.#.....
#..## #..###.. ##.g#
∆ ##.# #..
#.)#..#>(#. .$#.# #..
#..#g.#⌠.#. ..#.# #..
##.##≈....≈ #.##.#
#.. #))##.≈≈.##..#..#
#.. ##$.######..##.##
#..


You could see a shadow and a gnoll bouda.

Vanquished Creatures
  Sigmund (D:5)
  5 yaks (D:5)
  2 steam dragons (D:6)
  A water moccasin (D:6)
  4 ice beasts
  A black bear (D:5)
  3 ogres
  A centaur (D:6)
  A phantom (D:4)
  4 scorpions
  2 bullfrogs (D:6)
  2 howler monkeys
  A bombardier beetle (D:5)
  4 orc priests
  A gnoll bouda (D:6)
  3 jellies
  2 iguanas (D:6)
  A sleepcap (D:5)
  4 orc wizards
  9 adders
  12 gnolls
  A shadow imp (D:6)
  A white imp (D:5)
  3 ufetubi
  2 ribbon worms
  22 orcs
  7 ball pythons
  8 bats
  5 endoplasms
  3 giant cockroaches
  7 goblins
  6 hobgoblins
  6 quokkas
  2 frilled lizards
  7 kobolds
  2 rats (D:3)
146 creatures vanquished.

Notes
Turn   | Place    | Note
-------+----------+-------------------------------------------
     0 | D:1      | concernfroge the Gnoll Reaver began the quest for the Orb.
     0 | D:1      | Reached XP level 1. HP: 20/20 MP: 6/6
   224 | D:1      | Reached XP level 2. HP: 17/26 MP: 7/7
   529 | D:1      | Reached skill level 5 in Spellcasting
   529 | D:1      | Reached XP level 3. HP: 26/31 MP: 7/9
   742 | D:2      | Found a faded altar of an unknown god.
  1131 | D:2      | Found an ancient bone altar of Kikubaaqudgha.
  1141 | D:2      | Reached skill level 1 in Invocations
  1700 | D:2      | Reached skill level 1 in Short Blades
  1700 | D:2      | Reached skill level 1 in Long Blades
  1700 | D:2      | Reached skill level 1 in Maces & Flails
  1700 | D:2      | Reached skill level 1 in Polearms
  1700 | D:2      | Reached skill level 1 in Staves
  1700 | D:2      | Reached skill level 1 in Ranged Weapons
  1700 | D:2      | Reached skill level 1 in Throwing
  1700 | D:2      | Reached skill level 1 in Armour
  1700 | D:2      | Reached skill level 1 in Stealth
  1700 | D:2      | Reached skill level 1 in Shields
  1700 | D:2      | Reached skill level 1 in Unarmed Combat
  1700 | D:2      | Reached skill level 1 in Evocations
  2057 | D:3      | Reached skill level 1 in Shapeshifting
  2057 | D:3      | Reached XP level 4. HP: 27/34 MP: 11/11
  2224 | D:3      | Found a glowing golden altar of the Shining One.
  2321 | D:3      | Reached skill level 1 in Hexes
  2321 | D:3      | Reached skill level 1 in Summonings
  2321 | D:3      | Reached skill level 1 in Necromancy
  2321 | D:3      | Reached skill level 1 in Translocations
  2321 | D:3      | Reached skill level 1 in Fire Magic
  2321 | D:3      | Reached skill level 1 in Ice Magic
  2321 | D:3      | Reached skill level 1 in Air Magic
  2321 | D:3      | Reached skill level 1 in Earth Magic
  2321 | D:3      | Reached skill level 1 in Alchemy
  2346 | D:3      | Reached XP level 5. HP: 37/43 MP: 12/12
  3046 | D:4      | Noticed a phantom
  3048 | D:4      | Reached skill level 5 in Fighting
  3048 | D:4      | Reached skill level 5 in Dodging
  3048 | D:4      | Reached XP level 6. HP: 31/51 MP: 14/14
  3257 | D:4      | Found Qoelobua's Book Boutique.
  3274 | D:4      | Reached skill level 7 in Axes
  3274 | D:4      | Reached XP level 7. HP: 56/56 MP: 15/15
  3303 | D:4      | Found Fivymam's Magic Scroll Shoppe.
  3311 | D:4      | Bought a scroll of identify for 20 gold pieces
  3311 | D:4      | Bought a scroll of identify for 20 gold pieces
  3311 | D:4      | Bought a scroll of identify for 20 gold pieces
  3311 | D:4      | Bought a scroll of identify for 20 gold pieces
  3311 | D:4      | Bought a scroll of identify for 20 gold pieces
  3311 | D:4      | Bought a scroll of identify for 20 gold pieces
  3318 | D:4      | Identified a scroll of acquirement
  3320 | D:4      | Acquired the ring of Day {rPois rC+}
  3492 | D:4      | Found Emiresutaf's Antique Armour Boutique.
  3758 | D:4      | Found Tinutag's Antique Armour Boutique.
  3836 | D:4      | Found a radiant altar of Vehumet.
  3935 | D:4      | Found Raimiaru's Weapon Shoppe.
  4062 | D:5      | Entered Level 5 of the Dungeon
  4495 | D:5      | Reached XP level 8. HP: 61/63 MP: 16/16
  4511 | D:5      | Identified the ring "Ineumie" {AC+4 Int+2}
  4817 | D:5      | Noticed Sigmund
  4827 | D:5      | Killed Sigmund
  4996 | D:4      | Learned a level 3 spell: Hailstorm
  5000 | D:4      | Learned a level 3 spell: Ozocubu's Armour
  5004 | D:4      | Learned a level 3 spell: Volatile Blastmotes
  5008 | D:4      | Learned a level 3 spell: Fugue of the Fallen
  5430 | D:5      | Noticed a yak
  5431 | D:5      | Noticed a yak
  5435 | D:5      | Noticed a yak
  5488 | D:5      | Killed a yak
  5756 | D:5      | Noticed a yak
  5757 | D:5      | Killed a yak
  5757 | D:5      | Noticed a yak
  5767 | D:5      | Killed a yak
  5768 | D:5      | Reached XP level 9. HP: 58/69 MP: 10/18
  6506 | D:6      | Reached skill level 8 in Axes
  6734 | D:6      | Reached skill level 5 in Invocations
  6787 | D:6      | Learned a level 3 spell: Stone Arrow
  6791 | D:6      | Learned a level 3 spell: Vampiric Draining
  7237 | D:6      | Reached skill level 5 in Short Blades
  7237 | D:6      | Reached skill level 5 in Long Blades
  7237 | D:6      | Reached skill level 5 in Maces & Flails
  7237 | D:6      | Reached skill level 5 in Polearms
  7237 | D:6      | Reached skill level 5 in Staves
  7237 | D:6      | Reached skill level 5 in Ranged Weapons
  7237 | D:6      | Reached skill level 5 in Throwing
  7237 | D:6      | Reached skill level 5 in Armour
  7237 | D:6      | Reached skill level 5 in Stealth
  7237 | D:6      | Reached skill level 5 in Shields
  7237 | D:6      | Reached skill level 5 in Unarmed Combat
  7237 | D:6      | Reached skill level 5 in Evocations
  7237 | D:6      | Reached XP level 10. HP: 44/77 MP: 18/20
  7255 | D:6      | Slain by a shadow

Illustrated notes

Levels and vault maps discovered:
D:1:      onia_arrival_pyramid, layout_loops_ring, serial_park_tiny_2,
          minmay_pentomino_w4
D:2:      layout_loops_corners, dreamdust_ecumenical_altar_grove, basic_altar
D:3:      layout_basic, mainiacjoe_overflow_boulevard,
          kennysheep_generic_room_12
D:4:      layout_basic, vehumet_statue, serial_shops, nicolae_shop_crystal,
          shop, nicolae_stop_n_shop_2, nicolae_take_the_stairs, shop,
          guppyfry_early_lair_pool
D:5:      layout_layer_cave, dreamdust_mushroom_princess, st_stairs_10,
          corner_web_ring, nicolae_concentric_dashed_squares_wild, uniq_sigmund
D:6:      layout_loops_cross, nzn_random_ring

Skill      XL: |  1  2  3  4  5  6  7  8  9 |
---------------+----------------------------+-----
Spellcasting   | 5 6 7 |  7.1
Invocations    | 1 2 3 4 5 |  5.5
Short Blades   | 1 2 3 4 5 |  5.0
Long Blades    | 1 2 3 4 5 |  5.0
Maces & Flails | 1 2 3 4 5 |  5.0
Polearms       | 1 2 3 4 5 |  5.0
Staves         | 1 2 3 4 5 |  5.0
Ranged Weapons | 1 2 3 4 5 |  5.0
Throwing       | 1 2 3 4 5 |  5.0
Armour         | 1 2 3 4 5 |  5.0
Stealth        | 1 2 3 4 5 |  5.0
Shields        | 1 2 3 4 5 |  5.0
Unarmed Combat | 1 2 3 4 5 |  5.0
Evocations     | 1 2 3 4 5 |  5.0
Shapeshifting  | 1 2 3 4 |  4.5
Hexes          | 1 2 3 4 |  4.1
Summonings     | 1 2 3 4 |  4.1
Necromancy     | 1 2 3 4 |  4.1
Translocations | 1 2 3 4 |  4.1
Fire Magic     | 1 2 3 4 |  4.1
Ice Magic      | 1 2 3 4 |  4.1
Air Magic      | 1 2 3 4 |  4.1
Earth Magic    | 1 2 3 4 |  4.1
Alchemy        | 1 2 3 4 |  4.1
Fighting       | 5 6 |  6.8
Dodging        | 5 6 |  6.8
Axes           | 7 8 |  8.3
Conjurations   | 6 |  6.9

Action                     |  1- 3 |  4- 6 |  7- 9 | 10-12 || total
---------------------------+-------+-------+-------+-------++-------
  Melee: Hand axe          |   110 |    28 |       |       ||   138
         Bite              |     8 |    10 |    28 |     1 ||    47
         Halberd           |       |    85 |   226 |     7 ||   318
         Trident           |       |       |    82 |       ||    82
         Punch             |       |       |     2 |       ||     2
  Throw: Throwing net      |       |       |     1 |       ||     1
   Cast: Kiss of Death     |     1 |       |     2 |       ||     3
         Volatile Blastmot |       |       |     6 |       ||     6
         Hailstorm         |       |       |     5 |       ||     5
         Ozocubu's Armour  |       |       |     3 |     1 ||     4
         Stone Arrow       |       |       |     5 |     3 ||     8
         Vampiric Draining |       |       |     2 |       ||     2
         Fugue of the Fall |       |       |     2 |       ||     2
  Evoke: Wand              |     2 |     7 |     3 |       ||    12
    Use: Potion            |       |     2 |     4 |     2 ||     8
         Scroll            |       |       |    16 |       ||    16
   Stab: Sleeping          |     1 |       |     4 |       ||     5
         Invisible         |       |     3 |     2 |       ||     5
 Armour: Leather armour    |    63 |    40 |       |       ||   103
         Chain mail        |       |    43 |   179 |       ||   222
         Ring mail         |       |       |   156 |     9 ||   165
  Dodge: Dodged            |    64 |    62 |   233 |     3 ||   362
